Map: Dusk Towers

Players

Raze

  • Race: Terran Terran
  • League: Master

Jamileon - Winner!

  • Race: Protoss Protoss
  • League: Master

VOD

Have the link to the VOD?

Description

Time

  • Played on: Nov. 14, 2015, 7:32 p.m.
  • Length: 8:16
Show
View Real Time Build Order
Export as new Build Order

Raze Terran 

Build Orders: Reaper Expand, MMM Bio 

Get SALT Encoding   

  12  0:01  SCV  
  13  0:13  SCV  
  14  0:18  Supply Depot  
  14  0:25  SCV  
  15  0:39  SCV  
  15  0:40  Barracks  
  16  0:45  Refinery  
  16  0:51  SCV  
  17  1:03  SCV  
  18  1:15  SCV  
  19  1:27  Orbital Command  
  19  1:29  Reaper  
  20  1:41  Command Center  
  20  1:53  SCV  
  21  2:02  Barracks Reactor  
  21  2:06  SCV  
  22  2:13  Command Center  
  22  2:18  Supply Depot  
  22  2:21  SCV  
  23  2:29  Barracks  
  23  2:40  SCV, Marine x2  
  25  2:44  Barracks  
  25  2:52  SCV  
  25  2:54  Orbital Command  
  25  2:57  Marine  
  27  2:59  Marine  
  27  3:04  SCV  
  29  3:15  Marine  
  29  3:16  SCV  
  29  3:17  Barracks Tech Lab, Marine  
  29  3:19  SCV  
  33  3:24  Orbital Command  
  33  3:28  SCV  
  33  3:32  SCV, Marine  
  36  3:36  Marine x2  
  36  3:39  Stimpack  
  36  3:41  SCV  
  39  3:44  SCV  
  39  3:47  Marauder  
  42  3:50  Marine  
  42  3:52  SCV  
  42  3:53  Marine  
  42  3:54  SCV, Marine  
  47  3:56  SCV  
  48  4:04  SCV  
  48  4:05  Refinery  
  48  4:06  SCV  
  48  4:08  SCV, Barracks Tech Lab, Marauder  
  52  4:11  Marine x2  
  52  4:16  SCV  
  51  4:18  SCV  
  49  4:24  SCV  
  49  4:37  SCV x2  
  49  4:38  Marauder, Marine  
  54  4:47  SCV  
  54  4:49  SCV x2, Refinery  
  54  4:51  Engineering Bay  
  57  4:52  Supply Depot  
  57  4:59  Barracks  
  57  5:00  Barracks, Marauder x2  
  61  5:11  SCV  
  61  5:12  Marine  
  61  5:14  SCV, Marine  
  61  5:20  SCV  
  63  5:23  SCV  
  63  5:26  Marine x2  
  66  5:29  SCV  
  66  5:33  SCV  
  66  5:35  Terran Infantry Weapons Level 1, SCV  
  68  5:37  Missile Turret  
  68  5:41  SCV  
  69  5:50  Factory  
  69  5:52  Supply Depot  
  69  5:54  Barracks Reactor, Barracks Tech Lab  
  69  5:56  Supply Depot  
  69  5:57  Missile Turret  
  69  6:04  SCV x3  
  72  6:07  Combat Shields  
  72  6:08  Marauder, Marine x2  
  76  6:11  Orbital Command  
  76  6:13  Missile Turret  
  76  6:16  SCV  
  77  6:25  SCV  
  78  6:26  Marauder, Marine x2  
  78  6:27  Supply Depot  
  78  6:28  SCV  
  78  6:32  Refinery, Missile Turret  
  83  6:35  Supply Depot  
  83  6:38  Starport  
  83  6:39  Factory Reactor  
  83  6:41  SCV x2  
  83  6:43  SCV  
  86  6:52  Marauder, Marine x2  
  86  6:53  SCV x2  
  92  6:55  SCV  
  80  7:13  Marine  
  80  7:14  SCV, Marine x2, Marauder x3  
  80  7:15  SCV x2  
  82  7:24  Supply Depot, Factory Reactor  
  82  7:25  Marine  
  82  7:26  SCV  
  82  7:27  SCV x2  
  82  7:28  Medivac x2  
  90  7:31  Marine  
  90  7:35  Marauder x3  
  97  7:39  SCV x2  
  96  7:45  SCV  
  96  7:46  Marine x3  
  96  7:49  Marine  
  96  7:51  SCV, Supply Depot  
  101  7:56  Marine  
  106  8:03  Missile Turret  
  106  8:04  Missile Turret  
Show
View Real Time Build Order
Export as new Build Order

Jamileon Protoss - Winner!

Build Orders: 1 Gate Expand, Oracle Opening, Phoenix Opening 

Get SALT Encoding   

  12  0:01  Probe (Chrono Boost)  
  13  0:11  Probe (Chrono Boost)  
  14  0:18  Pylon  
  14  0:22  Probe (Chrono Boost)  
  15  0:36  Probe (Chrono Boost)  
  15  0:39  Gateway  
  15  0:41  Assimilator  
  16  0:47  Probe (Chrono Boost)  
  17  0:57  Probe (Chrono Boost)  
  18  1:08  Probe (Chrono Boost)  
  19  1:21  Nexus  
  19  1:28  Cybernetics Core  
  19  1:32  Probe (Chrono Boost)  
  20  1:38  Assimilator  
  20  1:46  Probe (Chrono Boost), Pylon  
  21  1:56  Probe (Chrono Boost)  
  22  2:04  Adept (Chrono Boost), Warp Gate  
  22  2:07  Probe  
  25  2:19  Probe  
  26  2:26  Stargate  
  26  2:33  Probe  
  26  2:35  Probe (Chrono Boost)  
  28  2:45  Probe (Chrono Boost)  
  28  2:47  Mothership Core (Chrono Boost)  
  31  2:55  Pylon  
  31  2:56  Probe (Chrono Boost)  
  32  3:05  Probe (Chrono Boost)  
  32  3:06  Probe (Chrono Boost)  
  32  3:09  Oracle (Chrono Boost)  
  37  3:15  Probe  
  37  3:16  Probe  
  39  3:22  Pylon  
  39  3:26  Probe (Chrono Boost), Gateway  
  39  3:27  Gateway  
  39  3:28  Probe (Chrono Boost)  
  39  3:29  Assimilator  
  39  3:32  Assimilator  
  41  3:38  Probe (Chrono Boost)  
  41  3:40  Probe (Chrono Boost)  
  43  3:48  Probe (Chrono Boost), Phoenix (Chrono Boost)  
  45  3:50  Probe (Chrono Boost)  
  47  3:57  Probe  
  47  3:59  Twilight Council  
  47  4:01  Probe  
  49  4:08  Probe, Pylon  
  50  4:12  Phoenix (Chrono Boost)  
  50  4:13  Probe  
  53  4:19  Probe  
  54  4:25  Probe  
  54  4:29  Probe  
  54  4:31  Robotics Facility  
  56  4:32  Resonating Glaives (Chrono Boost)  
  56  4:33  Pylon, Phoenix (Chrono Boost)  
  58  4:49  Pylon  
  58  4:52  Adept x3  
  64  4:53  Phoenix  
  66  5:02  Probe  
  66  5:03  Probe  
  68  5:15  Phoenix  
  70  5:24  Nexus  
  70  5:27  Pylon  
  70  5:30  Observer (Chrono Boost)  
  71  5:40  Phoenix  
  73  5:44  Forge  
  73  5:48  Immortal (Chrono Boost), Probe x2  
  79  5:50  Pylon  
  79  6:00  Probe  
  79  6:02  Sentry  
  82  6:04  Gateway x2  
  82  6:05  Phoenix (Chrono Boost)  
  84  6:14  Probe x2  
  86  6:19  Adept x2  
  86  6:22  Protoss Ground Weapons Level 1  
  90  6:25  Immortal  
  90  6:26  Forge  
  90  6:28  Phoenix (Chrono Boost)  
  96  6:33  Probe x2  
  98  6:45  Probe x2  
  100  6:47  Adept x2  
  100  6:48  Adept  
  106  6:56  Phoenix (Chrono Boost)  
  106  6:59  Warp Prism  
  106  7:15  Adept x3  
  112  7:17  Phoenix (Chrono Boost)  
  114  7:26  Gateway  
  114  7:28  Gateway  
  114  7:29  Adept  
  116  7:32  Pylon  
  116  7:33  Pylon  
  116  7:50  Adept x2  
  124  7:51  Adept  
  124  7:54  Adept  
  124  7:55  Adept  
Tags
 
Add a new tag
Caveats
  • Supply blocks, unpowered buildings, or Contaminate may cause inaccurate times.
  • Supply counts are checked every 10 seconds.